 Dungeon Crawl Stone Soup version 0.19-a0-450-g98b348d (webtiles) character file.

446 Skanax the Grave Robber (level 6, -18/41 HPs)
             Began as a Demonspawn Necromancer on June 1, 2016.
             Killed from afar by a goblin (33 damage)
             ... with an exploding inner flame
             ... led by Robin
             ... hexed by the player character
             ... on level 4 of the Dungeon.
             The game lasted 00:19:15 (3402 turns).

Skanax the Grave Robber (Demonspawn Necromancer)    Turns: 3402, Time: 00:19:18

Health: -18/41     AC: 10    Str:  8 (9)  XL:     6   Next: 73%
Magic:  1/12       EV: 12    Int: 18      God:
Gold:   178        SH:  0    Dex: 12 (13) Spells: 5 memorised, 2 levels left

rFire  . . .     SeeInvis .     s - +1 great sword (elec)
rCold  . . .     Gourm    .     a - +1 robe
rNeg   . . .     Faith    .     (shield currently unavailable)
rPois  .         Spirit   .     (no helmet)
rElec  .         Dismiss  .     l - +0 cloak
rCorr  .         Reflect  .     (no gloves)
SustAt .         Harm     .     (no boots)
MR     +....                    (no amulet)
Stlth  ++........               (no ring)
                                q - ring of protection from magic

@: somewhat resistant to hostile enchantments, unstealthy
A: iridescent scales 2
a: no special abilities


You were on level 4 of the Dungeon.
You were not hungry.

You visited 1 branch of the dungeon, and saw 4 of its levels.

You collected 178 gold pieces.

Inventory:

Hand Weapons
 i - a +1 mace
 s - a +1 great sword of electrocution (weapon)
Missiles
 e - 72 sling bullets
 f - 14 poisoned needles
 g - 69 stones
 j - 66 arrows
 m - 35 bolts
 n - 8 curare-tipped needles
 o - a javelin (quivered)
Armour
 a - a +1 robe (worn)
 l - a +0 cloak (worn)
Jewellery
 q - a ring of protection from magic (left hand)
Scrolls
 k - 2 scrolls of identify
 t - a scroll of teleportation
Books
 b - a book of Necromancy

   Spells                             Type                      Level
   a - Pain                           Necromancy                   1
   b - Animate Skeleton               Necromancy                   1
   c - Vampiric Draining              Necromancy                   3
   d - Regeneration                   Charms/Necromancy            3
   e - Animate Dead                   Necromancy                   4
   f - Control Undead                 Necromancy                   4
Comestibles
 c - 3 bread rations
 d - 12 fruits
 p - 2 meat rations
 r - a beef jerky


   Skills:
 + Level 0.2 Fighting
 + Level 0.5 Long Blades
 + Level 0.1 Maces & Flails
 + Level 0.6 Throwing
 + Level 2.4 Dodging
 + Level 1.8 Stealth
 + Level 4.6 Spellcasting
 + Level 0.8 Charms
 + Level 6.5 Necromancy


You had 2 spell levels left.
You knew the following spells:

 Your Spells              Type           Power        Failure   Level  Hunger
a - Pain                  Necr           ####         1%          1    None
b - Animate Skeleton      Necr           N/A          1%          1    None
c - Regeneration          Chrm/Necr      ###.......   12%         3    ###....
d - Animate Dead          Necr           N/A          12%         4    ####...
e - Vampiric Draining     Necr           ####......   2%          3    ###....


Dungeon Overview and Level Annotations

Branches:
Dungeon (4/15)
 Temple: D:4-7

Altars:
Yredelemnul


Innate Abilities, Weirdness & Mutations

You are mostly covered in iridescent scales. (AC +6)


Message History

The jackal bites you but does no damage.
You slash the goblin!
The goblin explodes!
The fiery explosion engulfs the jackal.
The jackal explodes!
The fiery explosion engulfs the goblin.
The goblin explodes!
The fiery explosion engulfs the goblin.
The goblin explodes!
The fiery explosion engulfs the jackal.
The jackal explodes!
The fiery explosion engulfs the hobgoblin.
The hobgoblin explodes!
The fiery explosion engulfs Robin.
Robin explodes!
The fiery explosion engulfs you!
The fiery explosion engulfs the goblin.
The goblin explodes!
The fiery explosion engulfs you!
Ouch! That really hurt!
You die...

...# ...## g
....# .g #..##
... #...## .(..
##§§§######
.....#§§§§.....#
...[.§§§§#§....#
.....§§§@§§....#
.....§§§#g#.<..#
...#..§§#.#....#
.....##.#.######
..... ..... ...#
..... ...
#...... ..
#......


You could see a goblin (inner flame).

Vanquished Creatures
  Grinder (D:3)
  Natasha (thrice) (D:3)
  4 adders
  4 gnolls (D:3)
  2 oozes (D:3)
  A worm (D:2)
  3 dart slugs (D:3)
  2 giant geckos
  A giant cockroach (D:1)
  9 hobgoblins
  3 jackals (D:4)
  10 kobolds
  A quokka (D:3)
  4 ball pythons
  7 bats
  3 giant newts
  9 goblins
  10 rats
77 creatures vanquished.

Vanquished Creatures (collateral kills)
  An ooze (D:1)
  A bat (D:3)
  A hobgoblin (D:1)
  A jackal (D:4)
4 creatures vanquished.

Grand Total: 81 creatures vanquished

Notes
Turn   | Place    | Note
--------------------------------------------------------------
     0 | D:1      | Skanax the Demonspawn Necromancer began the quest for the Orb.
     0 | D:1      | Reached XP level 1. HP: 13/13 MP: 3/3
    42 | D:1      | Learned a level 1 spell: Animate Skeleton
   282 | D:1      | Gained mutation: You are partially covered in iridescent scales. (AC +4) [demonic ancestry]
   282 | D:1      | Reached XP level 2. HP: 13/19 MP: 0/5
   468 | D:1      | Reached skill level 5 in Necromancy
   725 | D:1      | Gained mutation: You are mostly covered in iridescent scales. (AC +6) [demonic ancestry]
   725 | D:1      | Reached XP level 3. HP: 19/24 MP: 0/6
  1595 | D:2      | Learned a level 3 spell: Regeneration
  1875 | D:3      | Reached XP level 4. HP: 20/30 MP: 2/8
  1943 | D:3      | Noticed Grinder
  1947 | D:3      | Paralysed by Grinder for 7 turns
  1964 | D:3      | Paralysed by Grinder for 6 turns
  1997 | D:3      | Killed Grinder
  1997 | D:3      | Reached skill level 6 in Necromancy
  1997 | D:3      | Reached XP level 5. HP: 7/35 MP: 3/11
  1997 | D:3      | Reached XP level 6. HP: 8/41 MP: 3/12
  2010 | D:3      | Noticed Natasha
  2013 | D:3      | Killed Natasha
  2023 | D:3      | Noticed Natasha
  2026 | D:3      | Killed Natasha
  2138 | D:3      | Learned a level 4 spell: Animate Dead
  2347 | D:3      | Noticed Natasha
  2355 | D:3      | Killed Natasha
  2444 | D:3      | Learned a level 3 spell: Vampiric Draining
  2489 | D:3      | Found a basalt altar of Yredelemnul.
  3396 | D:4      | Noticed Robin
  3402 | D:4      | Killed Robin
  3402 | D:4      | Killed from afar by a goblin

Vault maps used:
D:1:      dpeg_arrival_morbid_curiosity
D:2:      serial_glass, glass_columns_a, glass_columns_a
D:3:      overflow_temple_1_default, first_bread, minmay_misc_feat_enclosed,
          guppyfry_early_lair_pool, uniq_grinder, uniq_natasha
D:4:      overflow_temple_1_default, gammafunk_temple_overflow_claw,
          minmay_temple_entry_glassed_door, portal_sewer_entry_f,
          nicolae_elemental_shop, uniq_sigmund, uniq_duvessa, uniq_robin

Skill      XL: |  1  2  3  4 |
---------------+-------------+-----
Necromancy     | 5 6 |  6.5
Dodging        | 2 |  2.4
Spellcasting   | 4 |  4.6
Fighting       | |  0.2
Long Blades    | |  0.5
Maces & Flails | |  0.1
Throwing       | |  0.6
Stealth        | |  1.8
Charms         | |  0.8

Action                   |  1- 3 |  4- 6 || total
-------------------------+-------+-------++-------
Melee: Mace              |    13 |       ||    13
       Great sword       |       |    46 ||    46
Throw: Javelin           |     5 |    10 ||    15
       Stone             |       |     1 ||     1
 Cast: Pain              |    63 |    62 ||   125
       Animate Skeleton  |    15 |     1 ||    16
       Regeneration      |     1 |     5 ||     6
       Animate Dead      |       |     9 ||     9
       Vampiric Draining |       |     2 ||     2
  Use: Potion            |     7 |     1 ||     8
       Scroll            |     6 |     3 ||     9
  Eat: Meat ration       |     1 |       ||     1
       Chunk             |     1 |       ||     1
       Bread ration      |       |     1 ||     1
       Fruit             |       |     1 ||     1
Armor: Robe              |    12 |    33 ||    45
Dodge: Dodged            |    21 |    58 ||    79
